 Dungeon Crawl Stone Soup version 0.28.0 (webtiles) character file.

Game seed: 11027003726008825425

844 Sanktem7 the Poker (level 7, -1/62 HPs)
             Began as a Minotaur Berserker on Feb 8, 2022.
             Was a Priest of Trog.
             Slain by a wraith (3 damage)
             ... on level 5 of the Dungeon.
             The game lasted 00:08:38 (4676 turns).

Sanktem7 the Poker (Minotaur Berserker)             Turns: 4676, Time: 00:08:40

Health: -1/62      AC:  8    Str: 24    XL:     7   Next: 68%
Magic:  6/6        EV: 12    Int:  4    God:    Trog [***...]
Gold:   202        SH:  0    Dex:  9    Spells: 6/6 levels left

rFire   . . .      SeeInvis .   g - +0 scythe
rCold   . . .      Faith    .   (shield currently unavailable)
rNeg    + . .      Spirit   .   k - +0 ring mail {rN+}
rPois   .          Reflect  .   (helmet restricted)
rElec   .          Harm     .   (no cloak)
rCorr   .          Rampage  .   c - +0 pair of gloves
Will    ++...                   h - +0 pair of boots
Stlth   +.........              (no amulet)
HPRegen 1.20/turn               (no ring)
MPRegen 0.10/turn               (no ring)

@: strong-willed, regenerating, slowed, very slow
A: horns 2, retaliatory headbutt
a: Renounce Religion, Berserk, Trog's Hand


You were on level 5 of the Dungeon.
You worshipped Trog.
Trog was most pleased with you.
You visited 1 branch of the dungeon, and saw 5 of its levels.

You collected 202 gold pieces.

Inventory:

Hand Weapons
 a - a +1 spear
 g - a +0 scythe (weapon)
Missiles
 f - a throwing net (quivered)
Armour
 c - a +0 pair of gloves (worn)
 h - a +0 pair of boots (worn)
 k - a +0 ring mail of positive energy (worn)
 n - a +0 kite shield
Jewellery
 d - an amulet of the acrobat
Wands
 l - a wand of digging (4)
Scrolls
 e - a scroll of immolation
 i - a scroll of blinking
 m - a scroll of identify
Potions
 b - 3 potions of lignification
 j - a potion of attraction


   Skills:
 + Level 5.8 Fighting
 + Level 7.4 Polearms
 + Level 5.7 Armour
 + Level 4.0 Dodging
 + Level 1.2 Stealth


You had 6 spell levels left.
You didn't know any spells.
Your spell library was empty.

Dungeon Overview and Level Annotations

Branches:
Dungeon (5/15)
 Temple: D:4-7

Altars:
Okawaru
Uskayaw


Innate Abilities, Weirdness & Mutations

You have a pair of horns on your head.
You reflexively headbutt those who attack you in melee.


Message History

You feel as though you will be slow longer.
You slice the adder!!
You kill the adder!
Trog accepts your kill. The hound barely misses you.
The hound bites you but does no damage. The wraith hits you!
The wraith drains your vigour!
You feel as though you will be slow longer.
The hound barely misses you. You furiously retaliate!
You headbutt the hound, but do no damage.
The wraith barely misses you. The hound bites you but does no damage.
You barely miss the hound. Your headbutt misses the hound.
The hound closely misses you. You furiously retaliate!
You headbutt the hound! The wraith hits you. The wraith drains your vigour!
You feel as though you will be slow longer.
The hound completely misses you. The wraith hits you but does no damage.
The hound stops to sniff the ground.
The hound closely misses you. The wraith closely misses you.
You furiously retaliate!
You headbutt the wraith. You closely miss the hound.
Your headbutt misses the hound.
The hound is heavily wounded.
The hound misses you. You furiously retaliate!
You headbutt the hound. The hound bites you but does no damage.
The wraith hits you!
* * * LOW HITPOINT WARNING * * *
The wraith drains your vigour!
You feel as though you will be slow longer.
The hound barely misses you. You furiously retaliate!
You headbutt the hound. The wraith hits you!
* * * LOW HITPOINT WARNING * * *
The wraith drains your vigour!
You feel as though you will be slow longer.
The hound bites you but does no damage.
Okay, then.
Your skin crawls.
You feel strong-willed. The hound barely misses you. The wraith hits you.
* * * LOW HITPOINT WARNING * * *
The wraith drains your vigour!
You feel as though you will be slow longer.
The hound closely misses you. The wraith hits you.
You die...

..... ##+# #..#
##########
#...###..###...##...##
.....................#
.....................#
.....................#
.....##...####.##.####
... #Wh.####.##.## .
#@†..........#
...................#
P)≈≈≈P.P...........#
≈≈≈≈≈♣...?.........#
≈≈≈≈≈≈≈............#
≈≈≈≈≈≈≈≈...........# ≈≈≈
≈≈≈≈..####....######
≈≈≈≈≈≈P....###....##)...
#...........:


You could see a wraith and a hound.

Vanquished Creatures
  Sigmund (D:4)
  Eustachio (D:4)
  Menkaure (D:4)
  An ogre (D:3)
  A scorpion (D:4)
  A howler monkey (D:5)
  Terence (D:2)
  An orc wizard (D:4)
  A hound skeleton (D:4)
  4 gnolls (D:4)
  6 adders
  An ufetubus (D:4)
  4 worms
  5 orcs
  6 ball pythons
  8 endoplasms
  A giant cockroach (D:2)
  9 goblins
  9 hobgoblins
  2 jackals (D:4)
  6 kobolds
  2 bats
  4 frilled lizards
  7 rats
83 creatures vanquished.

Vanquished Creatures (others)
  5 plants (D:5)
5 creatures vanquished.

Grand Total: 88 creatures vanquished

Notes
Turn   | Place    | Note
-------+----------+-------------------------------------------
     0 | D:1      | Sanktem7 the Minotaur Berserker began the quest for the
                  | Orb.
     0 | D:1      | Reached XP level 1. HP: 19/19 MP: 0/0
   318 | D:1      | Reached XP level 2. HP: 24/27 MP: 1/1
   323 | D:1      | Reached skill level 4 in Polearms
  1127 | D:2      | Reached ** piety under Trog
  1128 | D:2      | Reached XP level 3. HP: 32/33 MP: 2/2
  1138 | D:2      | Noticed Terence
  1146 | D:2      | Killed Terence
  1247 | D:2      | Reached XP level 4. HP: 21/41 MP: 3/3
  1706 | D:2      | Found an iron altar of Okawaru.
  2093 | D:3      | Noticed a +0 spear
  2094 | D:3      | Noticed a +0 spear
  2094 | D:3      | Noticed a +0 dagger
  2095 | D:3      | Noticed a +0 falchion
  2095 | D:3      | Noticed a +0 dagger
  2096 | D:3      | Noticed a +0 short sword
  2096 | D:3      | Noticed a +0 falchion
  2097 | D:3      | Noticed a +0 short sword
  2099 | D:3      | Found a hide-covered altar of Uskayaw.
  2444 | D:3      | Noticed an ogre
  2450 | D:3      | Killed an ogre
  2451 | D:3      | Reached skill level 5 in Polearms
  2451 | D:3      | Reached XP level 5. HP: 11/47 MP: 4/4
  3280 | D:4      | Reached XP level 6. HP: 53/55 MP: 5/5
  3379 | D:4      | Noticed Menkaure
  3389 | D:4      | Killed Menkaure
  3390 | D:4      | Reached skill level 5 in Fighting
  3390 | D:4      | Reached skill level 6 in Polearms
  3724 | D:4      | Reached *** piety under Trog
  3752 | D:4      | Noticed Eustachio
  3788 | D:4      | Killed Eustachio
  3789 | D:4      | Reached skill level 5 in Armour
  3789 | D:4      | Reached skill level 1 in Stealth
  3789 | D:4      | Reached XP level 7. HP: 21/61 MP: 6/6
  4035 | D:4      | Noticed Sigmund
  4041 | D:4      | Killed Sigmund
  4042 | D:4      | Reached skill level 7 in Polearms
  4622 | D:5      | Entered Level 5 of the Dungeon
  4665 | D:5      | Noticed a wraith
  4675 | D:5      | HP: 2/62 [wraith (11)]
  4676 | D:5      | Slain by a wraith

Illustrated notes

Levels and vault maps discovered:
D:1:      sevenhm_arrival_forest_fort_large_1, layout_basic, moated_statue,
          st_stairs_5
D:2:      layout_loops_ring, basic_altar, glass_columns_b, uniq_terence
D:3:      minmay_bubble_buster, layout_basic, nicolae_uskayaw_en_pointe
D:4:      layout_gridville, minmay_misc_feat_doors, uniq_menkaure,
          uniq_eustachio, uniq_sigmund
D:5:      layout_gridville, minmay_statues_item, guppyfry_early_lair_pool

Skill      XL: |  1  2  3  4  5  6  7 |
---------------+----------------------+-----
Fighting       | 4 5 |  5.8
Polearms       | 4 5 6 7 |  7.4
Armour         | 3 4 5 |  5.7
Dodging        | 3 4 |  4.0
Stealth        | 1 |  1.2

Action                   |  1- 3 |  4- 6 |  7- 9 || total
-------------------------+-------+-------+-------++-------
Melee: Spear             |    66 |   174 |     5 ||   245
       Headbutt          |    10 |    29 |     5 ||    44
       Punch             |       |     3 |       ||     3
       Scythe            |       |       |    20 ||    20
Invok: Trog's Hand       |       |       |     1 ||     1
  Use: Scroll            |       |     7 |       ||     7
       Potion            |       |     3 |       ||     3
Armor: Animal skin       |     6 |       |       ||     6
       Scale mail        |    11 |     7 |       ||    18
       Ring mail         |       |    75 |    19 ||    94
Dodge: Dodged            |    29 |   103 |    35 ||   167
